 Dungeon Crawl Stone Soup version 0.17-a0-1481-gfdcec5c (webtiles) character file.

234 rnawigator the Gusty (level 6, -6/28 HPs)
             Began as a Vine Stalker Air Elementalist on July 4, 2015.
             Mangled by a scorpion (8 damage)
             ... on level 4 of the Dungeon.
             The game lasted 00:14:21 (3129 turns).

rnawigator the Gusty (VSAE)                         Turns: 3129, Time: 00:14:21

Health: -6/28      AC:  2    Str: 11    XL:     6   Next: 5%
Magic:  0/12       EV: 12    Int: 17    God:
Gold:   132        SH:  0    Dex: 14    Spells: 4 memorised, 4 levels left

rFire  . . .     SeeInvis .     i - +2 dagger (speed)
rCold  . . .     Clarity  .     a - +0 robe
rNeg   . . .     SustAt   .     (no shield)
rPois  .         Gourm    .     (no helmet)
rElec  .         Spirit   +     (no cloak)
rCorr  .         Warding  .     (no gloves)
rMut   .         Stasis   .     (no boots)
MR     .....                    (no amulet)
Stlth  ++........               (no ring)
                                (no ring)

@: not resistant to hostile enchantments, unstealthy
A: fangs 2, regeneration 2, magic shield, antimagic bite, no device heal 3, rot
immunity
a: no special abilities


You were on level 4 of the Dungeon.
You were not hungry.

You visited 1 branch of the dungeon, and saw 4 of its levels.

You collected 132 gold pieces.

Inventory:

Hand weapons
 i - a +2 dagger of speed (weapon)
Armour
 a - a +0 robe (worn)
 k - a +2 hat
 n - a +0 pair of gloves
Jewellery
 d - an uncursed ring of positive energy {unknown}
 e - an uncursed ring of magical power {unknown}
 h - an uncursed ring of protection from fire {unknown}
 r - a cursed amulet of inaccuracy {unknown}
 t - a cursed ring of teleportation {unknown}
 u - an uncursed ring of protection from fire {unknown}
Scrolls
 f - a scroll of teleportation
Potions
 g - a potion of brilliance
 m - a potion of curing
 o - a potion of haste
 s - a potion of agility {unknown}
 w - a potion of lignification {unknown}
Books
 b - a book of Air

   Spells                             Type                      Level
   a - Shock                          Conjuration/Air              1
   b - Swiftness                      Charms/Air                   2
   c - Repel Missiles                 Charms/Air                   2
   d - Static Discharge               Conjuration/Air              3
   e - Lightning Bolt                 Conjuration/Air              5
Comestibles
 c - 3 bread rations
 j - 2 meat rations
 l - 2 beef jerkies
 p - a slice of pizza
 q - a fruit
 v - 7 chunks of flesh


   Skills:
 - Level 2.3 Dodging
 + Level 3.6 Stealth
 * Level 3.5 Spellcasting
 * Level 2.6 Conjurations
 * Level 4.2 Air Magic


You had 4 spell levels left.
You knew the following spells:

 Your Spells              Type           Power        Failure   Level  Hunger
a - Shock                 Conj/Air       ##..         4%          1    None
b - Repel Missiles        Chrm/Air       ##....       12%         2    ##.....
c - Swiftness             Chrm/Air       ##......     12%         2    ##.....
d - Static Discharge      Conj/Air       ##......     14%         3    ###....


Dungeon Overview and Level Annotations

Branches:
Dungeon (4/15)
 Temple: D:4-7

Altars:
Okawaru
Ru
Trog

Annotations:
D:4 Menkaure


Innate Abilities, Weirdness & Mutations

You have extremely sharp teeth.
You heal very quickly.
When hurt, damage is shared between your health and your magic reserves.
Your bite disrupts and absorbs the magic of your enemies.
Potions and wands cannot restore your health.
You are immune to rotting.


Message History

Aim: a scorpion (severely wounded)
The zap misses the scorpion.
You feel sick. The scorpion stings you.
You hit the scorpion but do no damage. Your bite misses the scorpion.
The scorpion is severely wounded.
The scorpion stings you.
* * * LOW HITPOINT WARNING * * *
You are more poisoned.
The scorpion poisons you!
You feel sick. The quokka misses you.
Drink which item? (? for menu, Esc to quit)
You feel better. The quokka barely misses you. The scorpion stings you.
* * * LOW HITPOINT WARNING * * *
You are poisoned.
The scorpion poisons you!
You feel sick. The quokka bites you.
Drink which item? (? for menu, Esc to quit)
You feel better. The quokka bites you.
* * * LOW HITPOINT WARNING * * *
The scorpion stings you!
You die...

.......#....
.......#...
#........##
#....>....#
#.........#
+.........## #.....#
#.s...#
#.r@..########
+............#
#............#
#............#
#.......#+#..#######
#...<...+_'..'......
#####...#+#..#######
#........#
#†#+########


You could see a scorpion and a quokka.

Vanquished Creatures
  A scorpion (D:4)
  A centaur skeleton (D:4)
  8 adders
  2 oozes (D:4)
  2 worms
  4 giant geckos
  6 orcs
  5 bats
  2 giant cockroaches (D:2)
  5 hobgoblins
  6 jackals
  11 kobolds
  A giant gecko skeleton (D:4)
  3 giant newts
  7 goblins
  A jackal skeleton (D:4)
  A jackal zombie (D:3)
  2 quokkas (D:2)
  A quokka skeleton (D:4)
  8 rats
77 creatures vanquished.

Notes
Turn   | Place    | Note
--------------------------------------------------------------
     0 | D:1      | rnawigator the Vine Stalker Air Elementalist began the quest for the Orb.
     0 | D:1      | Reached XP level 1. HP: 9/9 MP: 4/4
   239 | D:1      | Reached XP level 2. HP: 13/13 MP: 4/6
   245 | D:1      | Learned a level 2 spell: Repel Missiles
   248 | D:1      | Learned a level 2 spell: Swiftness
   846 | D:2      | Reached XP level 3. HP: 13/16 MP: 0/7
  1074 | D:2      | Found a sacrificial altar of Ru.
  1204 | D:2      | Found an iron altar of Okawaru.
  1343 | D:2      | Reached XP level 4. HP: 21/21 MP: 9/9
  1479 | D:2      | Learned a level 3 spell: Static Discharge
  2217 | D:3      | Reached XP level 5. HP: 6/24 MP: 1/10
  2578 | D:4      | Reached skill level 4 in Air Magic
  2743 | D:4      | Noticed Menkaure
  3034 | D:4      | Gained mutation: You heal very quickly. [Vine Stalker growth]
  3034 | D:4      | Reached XP level 6. HP: 28/28 MP: 7/12
  3051 | D:4      | Found a bloodstained altar of Trog.
  3129 | D:4      | Mangled by a scorpion

Vault maps used:
D:1:      evilmike_arrival_hilbert_curve, hangedman_decor_growths
D:2:      okawaru_gym_becter, overflow_temple_1_default
D:3:      glass_columns_a, hex_intersection
D:4:      lemuel_castle_with_subvaults, kennysheep_mini, first_bread,
          uniq_menkaure, uniq_pikel, uniq_sigmund, uniq_duvessa

Action                   |  1- 3 |  4- 6 || total
-------------------------+-------+-------++-------
Melee: Dagger            |    21 |    48 ||    69
 Cast: Shock             |    45 |    87 ||   132
  Use: Scroll            |     6 |     5 ||    11
       Potion            |       |     2 ||     2
 Stab: Sleeping          |     7 |     5 ||    12
  Eat: Chunk             |     2 |     5 ||     7
       Fruit             |       |     1 ||     1
